 Dungeon Crawl Stone Soup version 0.16.1-14-g82efdee (webtiles) character file.

1076 hulla the Changer (level 8, -3/48 HPs)
             Began as an Octopode Transmuter on Apr 12, 2015.
             Slain by Duvessa
             ... wielding a +0 rapier
              (10 damage)
             ... on level 5 of the Dungeon.
             The game lasted 00:29:51 (6588 turns).

hulla the Changer (Octopode Transmuter)             Turns: 6588, Time: 00:29:51

Health: -3/48      AC:  2    Str:  9    XL:     8   Next: 29%
Magic:  7/13       EV: 23    Int: 18    God:
Gold:   391        SH:  0    Dex: 17    Spells: 4 memorised, 2 levels left

rFire  . . .     SeeInvis .     C - melded +0 blowgun
rCold  . . .     Clarity  .     (shield currently unavailable)
rNeg   . . .     SustAb   .     (helmet currently unavailable)
rPois  x         Gourm    .     (no amulet)
rElec  .         Spirit   .     (no ring)
rCorr  .         Warding  .     (no ring)
rMut   .         Stasis   .     (no ring)
MR     .....                    (no ring)
Stlth  ++........               (no ring)
                                (no ring)
                                (no ring)
                                (no ring)

@: spider-form, very slightly contaminated, not resistant to hostile
enchantments, unstealthy
A: almost no armour, amphibious, 8 rings, (constrict 8), (camouflage 0),
(gelatinous body 0)
a: End Transformation


You were on level 5 of the Dungeon.
You were very hungry.
You were a venomous arachnid creature.
You visited 2 branches of the dungeon, and saw 6 of its levels.

You collected 391 gold pieces.

Inventory:

Hand weapons
 a - a cursed +0 hunting sling
 C - a +0 blowgun (melded)
Missiles
 b - 97 arrows
 g - 12 exploding sling bullets
 i - 62 stones
 j - 14 arrows of frost
 m - 5 javelins (quivered)
 v - 14 poisoned needles
Magical devices
 c - a wand of random effects (30)
 s - a wand of fireball (3)
Scrolls
 e - 3 scrolls of enchant weapon
 f - 3 scrolls of remove curse
 p - 2 scrolls of teleportation {unknown}
 q - a scroll of recharging
 t - a scroll of fear {unknown}
 w - a scroll of immolation {unknown}
 y - a scroll of enchant armour {unknown}
 B - a scroll of fog {unknown}
Potions
 n - 3 potions of curing
 o - 2 potions of might {unknown}
 r - a potion of flight {unknown}
 z - a potion of invisibility {unknown}
 A - a potion of poison {unknown}
Books
 d - a book of Changes

   Spells                             Type                      Level
   a - Beastly Appendage              Transmutation                1
   b - Sticks to Snakes               Transmutation                2
   c - Spider Form                    Transmutation/Poison         3
   d - Ice Form                       Ice/Transmutation            4
   e - Blade Hands                    Transmutation                5
 u - a book of Minor Magic

   Spells                             Type                      Level
   a - Magic Dart                     Conjuration                  1
   b - Blink                          Translocation                2
   c - Call Imp                       Summoning                    2
   d - Repel Missiles                 Charms/Air                   2
   e - Slow                           Hexes                        2
   f - Conjure Flame                  Conjuration/Fire             3
   g - Mephitic Cloud                 Conjuration/Poison/Air       3
Comestibles
 h - 3 meat rations
 l - 7 bread rations


   Skills:
 - Level 1.0 Fighting
 + Level 5.3 Dodging
 - Level 3.0 Unarmed Combat
 - Level 2.0 Spellcasting
 - Level 3.3 Conjurations
 - Level 5.3 Transmutations
 - Level 3.2 Air Magic
 - Level 4.0 Poison Magic


You had 2 spell levels left.
You knew the following spells:

 Your Spells              Type           Power        Failure   Level  Hunger
a - Beastly Appendage     Trmt           ###...       8%          1    #......
b - Spider Form           Trmt/Pois      ###.......   24%         3    ###....
c - Sticks to Snakes      Trmt           ###.......   12%         2    ###....
d - Mephitic Cloud        Conj/Pois/Air  ##......     32%         3    ###....


Dungeon Overview and Level Annotations

Branches:
Dungeon (5/15)             Temple (1/1) D:4

Altars:
Ashenzari
Cheibriados
Dithmenos
Elyvilon
Fedhas
Gozag
Kikubaaqudgha
Nemelex Xobeh
Okawaru
Qazlal
Ru
Sif Muna
Trog
Vehumet
Xom
Yredelemnul
Zin
Beogh

Annotations:
D:5 Dowan, Duvessa


Innate Abilities, Weirdness & Mutations

You cannot wear most types of armour.
You are amphibious.
You can wear up to eight rings at the same time.
((You can use your tentacles to constrict many enemies at once.))
((Your skin changes colour to match your surroundings (Stealth).))
((Your rubbery body absorbs attacks (AC +1).))


Message History

Dowan blinks!
Casting: Spider Form
Confirm with . or Enter, or press ? or * to list all spells.
You turn into a venomous arachnid creature.
Your +0 blowgun melds into your body.
Duvessa completely misses you.
You hit Duvessa but do no damage.
Duvessa is moderately wounded.
Duvessa hits you with a rapier! Duvessa misses you.
Duvessa hits you with a rapier.
* * * LOW HITPOINT WARNING * * *
Dowan mumbles some strange words.
Dowan blinks!
Dowan points at you and mumbles some strange words.
The puff of flame hits you!
* * * LOW HITPOINT WARNING * * *
Duvessa completely misses you. Duvessa barely misses you.
Duvessa hits you with a rapier!
You die...

...........####.#
.#...####### #.# .#####
#.# .# . .# .# ##########
.####........#
.#.......###.#######
.#.......# #....se.#
.#.......#########.######
.#.................e..÷.#
.........#########...##(#
.........# ###r##.#
.........### #.##.#
....[.>....# #.##.#
###.#.####.# #.##.# #.#.#
#.# #§##.#


You could see Duvessa and Dowan.

Vanquished Creatures
  Menkaure (D:5)
  An orc warrior (D:4)
  An ogre (D:4)
  A scorpion (D:5)
  A giant frog zombie (D:5)
  A crimson imp (D:4)
  A gnoll shaman (D:4)
  4 orc priests
  2 orc wizards
  A hound (D:4)
  Natasha (thrice) (D:3)
  3 worker ants
  Jessica (D:2)
  Terence (D:3)
  11 adders
  2 gnolls (D:4)
  A shadow imp (D:5)
  A white imp (D:5)
  A worm (D:3)
  An adder zombie (D:5)
  7 giant geckos
  15 orcs
  2 ball pythons
  13 bats
  2 giant cockroaches
  11 hobgoblins
  18 kobolds
  A quokka (D:2)
  10 giant newts
  8 goblins
  7 jackals
  12 rats
145 creatures vanquished.

Notes
Turn   | Place    | Note
--------------------------------------------------------------
     0 | D:1      | hulla, the Octopode Transmuter, began the quest for the Orb.
     0 | D:1      | Reached XP level 1. HP: 13/13 MP: 3/3
   149 | D:1      | Reached XP level 2. HP: 8/18 MP: 2/4
  1020 | D:1      | Reached XP level 3. HP: 19/23 MP: 6/6
  1034 | D:1      | Learned a level 3 spell: Spider Form
  1037 | D:1      | Learned a level 2 spell: Sticks to Snakes
  1830 | D:2      | Reached skill level 4 in Transmutations
  1830 | D:2      | Reached skill level 1 in Poison Magic
  1830 | D:2      | Reached XP level 4. HP: 25/28 MP: 2/7
  2061 | D:2      | Found a shimmering altar of Xom.
  2062 | D:2      | Found a shimmering altar of Xom.
  2062 | D:2      | Found a shimmering altar of Xom.
  2062 | D:2      | Found a shimmering altar of Xom.
  2062 | D:2      | Found a shimmering altar of Xom.
  2075 | D:2      | Found a shimmering altar of Xom.
  2077 | D:2      | Found a shimmering altar of Xom.
  2359 | D:2      | Noticed Jessica
  2370 | D:2      | Killed Jessica
  2759 | D:3      | Noticed Natasha
  2766 | D:3      | Killed Natasha
  2766 | D:3      | Reached XP level 5. HP: 28/33 MP: 5/9
  2831 | D:3      | Found a roughly hewn altar of Beogh.
  2851 | D:3      | Reached skill level 5 in Transmutations
  2851 | D:3      | Reached XP level 6. HP: 14/38 MP: 7/10
  3263 | D:3      | Found a shadowy altar of Dithmenos.
  3263 | D:3      | Found a blossoming altar of Fedhas.
  3304 | D:3      | Noticed Natasha
  3314 | D:3      | Killed Natasha
  3473 | D:3      | Noticed Natasha
  3555 | D:3      | Killed Natasha
  3808 | D:3      | Found a shattered altar of Ashenzari.
  3808 | D:3      | Found a sparkling altar of Nemelex Xobeh.
  3809 | D:3      | Noticed Terence
  3823 | D:3      | Killed Terence
  3833 | D:3      | Learned a level 3 spell: Mephitic Cloud
  4125 | D:4      | Reached skill level 1 in Air Magic
  4251 | D:4      | Reached skill level 1 in Conjurations
  4386 | D:4      | Found a white marble altar of Elyvilon.
  4579 | D:4      | Reached XP level 7. HP: 41/43 MP: 1/12
  5220 | D:4      | Found a staircase to the Ecumenical Temple.
  5394 | Temple   | Entered the Ecumenical Temple
  5564 | D:5      | Entered Level 5 of the Dungeon
  5638 | D:5      | Reached XP level 8. HP: 23/48 MP: 10/13
  5975 | D:5      | Noticed Menkaure
  5986 | D:5      | Killed Menkaure
  6240 | D:5      | Reached skill level 5 in Dodging
  6555 | D:5      | Noticed Duvessa
  6564 | D:5      | Noticed Dowan
  6588 | D:5      | Slain by Duvessa

Action                   |  1- 3 |  4- 6 |  7- 9 || total
-------------------------+-------+-------+-------++-------
Melee: Unarmed           |    96 |   187 |   140 ||   423
 Fire: Blowgun           |       |       |     2 ||     2
Throw: Javelin           |       |    18 |    25 ||    43
       Stone             |       |     2 |       ||     2
 Cast: Beastly Appendage |     2 |     4 |     4 ||    10
       Spider Form       |     2 |    22 |    16 ||    40
       Mephitic Cloud    |       |     2 |     1 ||     3
 Abil: End Transformatio |       |     1 |     6 ||     7
  Use: Scroll            |     6 |       |       ||     6
       Potion            |       |     1 |     1 ||     2
 Stab: Sleeping          |     3 |       |       ||     3
       Confused          |       |       |     1 ||     1
  Eat: Chunk             |     3 |    12 |     6 ||    21
       Beef jerky        |       |       |     1 ||     1
